 Dungeon Crawl Stone Soup version 0.32-a0-607-g64ea0e4219 (webtiles) character file.

Game seed: 17774288702462409172

1335 backslashecho the Conjurer (level 8, 0/78 HPs)
             Began as a Coglin Conjurer on Mar 3, 2024.
             Slain by a gnoll bouda
             ... wielding a +0 club
              (4 damage)
             ... on level 6 of the Dungeon.
             The game lasted 00:12:58 (6719 turns).

backslashecho the Conjurer (Coglin Conjurer)        Turns: 6719, Time: 00:12:59

Health: 0/78       AC: 24    Str:  8    XL:     8   Next: 61%
Magic:  8/15       EV:  2    Int: 20    God:
Gold:   358        SH:  0    Dex: 12    Spells: 6/17 levels left

rFire   + . .        e - +0 whip of Sorrudig {flame, rF+ Will+}
rCold   . . .        g - staff of earth {Malki}
rNeg    . . .        a - melded +0 robe
rPois   +            j - melded +0 helmet
rElec   .            l - melded +1 cloak of Ogo Yjugh {rF+ Will+}
rCorr   .            v - melded +0 pair of gloves
SInv    .            (boots currently unavailable)
Will    +....        (no amulet)
Stlth   ++           (no ring)
HPRegen 0.33/turn    (no ring)
MPRegen 0.14/turn    (no gizmo)

%: no passive effects
@: lethally poisoned (0 -> -9), tree-form, weakened, very slightly contaminated
A: stationary, stasis, torment immunity, boosted hp, off-hand wielding, slow
wielding, warmup strikes, (no jewellery)
a: Invent Gizmo


You were on level 6 of the Dungeon.
You were a tree.
You visited 1 branch of the dungeon, and saw 6 of its levels.

You collected 358 gold pieces.

Inventory:

Hand Weapons
 e - the +0 whip of Sorrudig (weapon) {flame, rF+ Will+}
   (You found it on level 5 of the Dungeon)

   rF+:       It protects you from fire.
   Will+:     It increases your willpower.
Missiles
 c - 2 poisoned darts (quivered)
Armour
 a - a +0 robe (melded)
 j - a +0 helmet (melded)
 l - the +1 cloak of Ogo Yjugh (melded) {rF+ Will+}
   (You found it on level 3 of the Dungeon)

   rF+:       It protects you from fire.
   Will+:     It increases your willpower.
 v - a +0 pair of gloves (melded)
Magical Staves
 g - a staff of earth (offhand) {Malki}
Wands
 f - a wand of flame (12)
Scrolls
 h - 2 scrolls of amnesia {unknown}
 i - a scroll of immolation {unknown}
 m - a scroll of silence {unknown}
 n - 2 scrolls of revelation {unknown}
 p - a scroll of fog {unknown}
 t - a scroll of teleportation {unknown}
 w - a scroll of acquirement {unknown}
 x - a scroll of torment {unknown}
Potions
 d - 2 potions of heal wounds {unknown}
 k - 2 potions of mutation {unknown}
 o - a potion of cancellation
 s - a potion of brilliance {unknown}
 u - 2 potions of ambrosia {unknown}


   Skills:
 - Level 1.7 Dodging
 - Level 1.5 Stealth
 - Level 5.0 Spellcasting
 * Level 7.6 Conjurations
 + Level 4.6 Alchemy


You had 6 spell levels left.
You knew the following spells:

 Your Spells              Type           Power      Damage    Failure   Level
a - Magic Dart            Conj           100%       1d8       1%          1
b - Fulminant Prism       Conj/Alch      14%        3d8       10%         4
c - Searing Ray           Conj           70%        2d7       1%          2
d - Iskenderun's Mystic   Conj/Tloc      20%        2d6       24%         4

Your spell library contained the following spells:

 Spells                   Type           Power      Damage    Failure   Level
 Eringya's Noxious Bog    Alch           11%        4d6       95%         6
 Summon Forest            Summ/Tloc      2%         N/A       97%         5
 Summon Hydra             Summ           2%         N/A       100%        7


Dungeon Overview and Level Annotations

Branches:
Dungeon (6/15)
 Temple: D:4-7

Altars:
Elyvilon
Kikubaaqudgha
Okawaru
Qazlal
Trog
Uskayaw

Shops:
D:1 !   D:5 *


Innate Abilities, Weirdness & Mutations

You are a tree.
Your roots penetrate the ground, keeping you stationary.
You cannot be teleported.
You are immune to unholy pain and torment.
Your maximum health is greatly increased.
Your equipment is partially melded.
You can wield a second weapon in your off-hand.
It takes a long time for you to wield or remove held weapons.
Your first few attacks do less damage.
((You cannot equip rings or amulets.))


Message History

Casting: Fulminant Prism (dangerous; 10% risk of failure)
Confirm with . or Enter, or press ? or * to list all spells.
Aiming: Searing Ray (safe; 1% risk of failure)
Press: ? - help, Shift-Dir - straight line The searing ray hits the bullfrog!
The bullfrog is heavily wounded. (Press . to maintain the ray.)
A centaur comes into view.
It is wielding a +0 shortbow and quivering poisoned darts.
The bullfrog hits you. The bullfrog barely misses you.
Your fulminant prism crackles loudly.
You take 5 damage, and have 36/52 hp.
You now have 3/15 mp.
The searing ray misses the bullfrog.
The bullfrog barely misses you.
Your fulminant prism explodes!
The blast of energy engulfs the centaur!
The centaur is heavily wounded.
The blast of energy engulfs the bullfrog!
You kill the bullfrog!
You hear a shout! x2; You hear an angry hiss.
You now have 2/15 mp.
The searing ray hits the centaur.
The centaur is heavily wounded.
The centaur shoots an arrow.
The arrow hits you!
You take 11 damage, and have 25/52 hp.
MASSIVE DAMAGE!!
You close the door.
A centaur opens the door.
The centaur throws a poisoned dart.
The poisoned dart hits you!
You are poisoned.
Casting: Searing Ray (safe; 1% risk of failure)
Confirm with . or Enter, or press ? or * to list all spells.
You don't have enough magic to cast this spell.
Okay, then.
You feel sick.
The centaur shoots an arrow.
The arrow hits you!
* * * LOW HITPOINT WARNING * * *
You take 14 damage, and have 12/52 hp.
MASSIVE DAMAGE!!
You feel sick.
The centaur unwields a +0 shortbow.
The centaur completely misses you. The centaur kicks you.
* * * LOW HITPOINT WARNING * * *
There is an open door, spattered with blood here.
You take 5 damage, and have 7/52 hp.
You turn into a tree.
The +1 cloak of Ogo Yjugh {rF+ Will+} melds into your body.
Your +0 helmet melds into your body.
Your +0 pair of gloves melds into your body.
Your +0 robe melds into your body.
Your roots penetrate the ground.
You feel sick.
The centaur hits you but does no damage.
The centaur kicks you.
* * * LOW HITPOINT WARNING * * *
The centaur hits you but does no damage.
The centaur kicks you but does no damage.
You now have 10/78 hp.
You feel better.
An orc comes into view.
It is wielding a +1 short sword of holy wrath.
The gnoll bouda gazes fiercely through you!
You feel your attacks grow feeble.
The centaur hits you but does no damage.
The centaur kicks you but does no damage.
You regained 10 hp, and now have 20/78 hp.
Magic courses through your body.
The centaur hits you but does no damage.
The centaur kicks you but does no damage.
The orc throws a boomerang.
The boomerang hits you.
* * * LOW HITPOINT WARNING * * *
The centaur hits you but does no damage.
The centaur barely misses you.
You take 3 damage, and have 17/78 hp.
MP restored: 15
Casting: Searing Ray (safe; 1% risk of failure)
Confirm with . or Enter, or press ? or * to list all spells.
Aiming: Searing Ray (safe; 1% risk of failure)
Press: ? - help, Shift-Dir - straight line, f - centaur
Aim: a centaur, quivering poisoned darts (heavily wounded, 88% to hit)
Okay, then.
Casting: Searing Ray (safe; 1% risk of failure)
Confirm with . or Enter, or press ? or * to list all spells.
Aiming: Fulminant Prism (dangerous; 10% risk of failure)
Press: ? - help, Dir - move target You miscast Fulminant Prism.
You are very lightly contaminated with residual magic.
Parts of your body briefly turn golden.
You are poisoned.
* * * LOW HITPOINT WARNING * * *
You feel very sick.
The orc throws a boomerang.
The boomerang hits you but does no damage.
The centaur hits you but does no damage.
The centaur kicks you but does no damage.
You take 3 damage, and have 14/78 hp.
You now have 12/15 mp.
Casting: Fulminant Prism (dangerous; 10% risk of failure)
Confirm with . or Enter, or press ? or * to list all spells.
Aiming: Fulminant Prism (dangerous; 10% risk of failure)
Press: ? - help, Dir - move target You miscast Fulminant Prism.
The air around you crackles with energy.
* * * LOW HITPOINT WARNING * * *
x2 You feel very sick.
The centaur hits you but does no damage.
The centaur kicks you but does no damage.
The gnoll bouda hits you with a +0 club.
You die...

#..## .## #...## #..
##...##K# ##..#..##
##o##)##'##
#.........#
#.ß..ß..ß.##+#+######
#...gc....#.........
#####♣#####.......#
#..####.......#
##............#
######.......#
##'###### #.#
###.#### #......#
#......#


You could see a centaur, a gnoll bouda and an orc.

Vanquished Creatures
  A sky beast (D:6)
  3 ogres
  A black bear (D:5)
  A centaur (D:6)
  A phantom (D:4)
  A kobold brigand (D:6)
  A bullfrog (D:6)
  2 scorpions (D:6)
  A howler monkey (D:4)
  A jelly (D:6)
  A bombardier beetle (D:5)
  2 hounds
  2 sleepcaps
  An orc priest (D:5)
  2 iguanas
  3 gnolls (D:3)
  5 adders
  A shadow imp (D:6)
  2 white imps
  2 ufetubi (D:6)
  4 dart slugs
  12 orcs
  6 bats
  6 endoplasms
  2 giant cockroaches
  2 goblins
  9 hobgoblins
  7 jackals
  A quokka (D:5)
  6 ball pythons
  3 frilled lizards
  4 kobolds
  2 rats
98 creatures vanquished.

Vanquished Creatures (others)
  5 fulminant prisms (D:6)
5 creatures vanquished.

Grand Total: 103 creatures vanquished

Notes
Turn   | Place    | Note
-------+----------+-------------------------------------------
     0 | D:1      | backslashecho the Coglin Conjurer began the quest for the
                  | Orb.
     0 | D:1      | Reached XP level 1. HP: 13/13 MP: 3/3
   139 | D:1      | Found Ataud's Distillery.
   217 | D:1      | You fall into a shaft and drop 1 floor!
   439 | D:1      | Reached XP level 2. HP: 19/19 MP: 1/5
   611 | D:1      | Found a faded altar of an unknown god.
  1075 | D:1      | Learned a level 2 spell: Searing Ray
  1157 | D:1      | Reached XP level 3. HP: 22/24 MP: 1/6
  1801 | D:2      | Reached skill level 4 in Conjurations
  2766 | D:3      | Identified the +1 cloak of Ogo Yjugh {rF+ Will+}
  2988 | D:3      | Found a stormy altar of Qazlal.
  3016 | D:3      | Reached XP level 4. HP: 30/30 MP: 3/8
  3244 | D:3      | Found a bloodstained altar of Trog.
  3848 | D:4      | Found a hide-covered altar of Uskayaw.
  3893 | D:4      | Reached XP level 5. HP: 35/35 MP: 4/10
  4028 | D:4      | Noticed a phantom
  4052 | D:4      | Killed a phantom
  4219 | D:4      | Noticed an ogre
  4226 | D:4      | Killed an ogre
  4227 | D:4      | Reached XP level 6. HP: 41/41 MP: 3/12
  4408 | D:4      | Learned a level 4 spell: Fulminant Prism
  4413 | D:4      | Learned a level 4 spell: Iskenderun's Mystic Blast
  4501 | D:4      | Reached skill level 5 in Conjurations
  4820 | D:5      | Entered Level 5 of the Dungeon
  4860 | D:5      | Reached skill level 1 in Alchemy
  4877 | D:4      | Reached XP level 7. HP: 44/46 MP: 4/14
  4960 | D:5      | Found Zottaw's Gadget Gallery.
  5063 | D:5      | Found a white marble altar of Elyvilon.
  5148 | D:5      | Reached skill level 5 in Spellcasting
  5407 | D:5      | Reached skill level 6 in Conjurations
  5468 | D:5      | Found an ancient bone altar of Kikubaaqudgha.
  5475 | D:5      | Identified the +0 whip of Sorrudig {flame, rF+ Will+}
  5590 | D:5      | Found an iron altar of Okawaru.
  6189 | D:6      | Reached XP level 8. HP: 52/52 MP: 8/15
  6422 | D:6      | Noticed a komodo dragon
  6443 | D:6      | Reached skill level 7 in Conjurations
  6719 | D:6      | Slain by a gnoll bouda

Illustrated notes

Levels and vault maps discovered:
D:1:      dpeg_arrival_circle_labyrinth_c, layout_basic,
          hellmonk_ecumenical_altar_crossroads, serial_shops, shop,
          minmay_bisected
D:2:      layout_basic
D:3:      layout_loops_ring, trog_book, mainiacjoe_overflow_six_doors_small,
          minmay_liquid_box
D:4:      minmay_inner_zag, layout_cave_pools, amcnicky_altar_gilded,
          kennysheep_generic_room_7
D:5:      layout_cave_pools, kennysheep_mini, lemuel_crystal_altar,
          kiku_gazebo_garden_becter, nicolae_shop_gadgets
D:6:      minmay_chambers_of_threes, layout_basic

Skill      XL: |  1  2  3  4  5  6  7  8 |
---------------+-------------------------+-----
Spellcasting   | 2 3 4 5 |  5.0
Conjurations   | 4 5 6 7 |  7.6
Alchemy        | 1 3 4 |  4.6
Dodging        | |  1.7
Stealth        | |  1.5

Action                     |  1- 3 |  4- 6 |  7- 9 || total
---------------------------+-------+-------+-------++-------
  Melee: Unarmed           |     2 |       |       ||     2
         Whip              |       |     4 |    22 ||    26
         Staff             |       |     5 |    23 ||    28
  Throw: Dart              |       |       |     2 ||     2
   Cast: Magic Dart        |    71 |    72 |    63 ||   206
         Searing Ray       |     3 |     7 |    15 ||    25
         Fulminant Prism   |       |       |     5 ||     5
    Use: Scroll            |       |     4 |       ||     4
         Potion            |       |       |     3 ||     3
 Armour: Robe              |     5 |    17 |    70 ||    92
         Skin              |       |       |    16 ||    16
  Dodge: Dodged            |     7 |    13 |    75 ||    95

Table legend: (Time is in decaauts)
 A = Elapsed time spent in this place.
 B = Non-inter-level travel time spent in this place.
 C = Inter-level travel time spent in this place.
 D = Time resting spent in this place.
 E = Time spent auto-exploring this place.
 F = Levels seen in this place.
 G = Mean time per level.
                   A        B        C        D        E       F      G
               +--------+--------+--------+--------+--------+-----+--------+
         Total |   6729 |   6232 |    497 |    758 |   4460 |   6 | 1121.5 |
       Dungeon |   6729 |   6232 |    497 |    758 |   4460 |   6 | 1121.5 |
               +--------+--------+--------+--------+--------+-----+--------+

Top non-repeatable levels by time:
     D:1: 1520 daAuts
     D:4: 1270 daAuts
     D:3: 1140 daAuts
     D:2: 967 daAuts
     D:6: 926 daAuts
     D:5: 903 daAuts
